 Dungeon Crawl Stone Soup version 0.31.0-9-g3a7656b989 (webtiles) character file.

Game seed: 17789245595008813067

137 qw the Skirmisher (level 5, 0/29 HPs)
             Began as a Deep Elf Hunter on Feb 2, 2024.
             Slain by Grinder (5 damage)
             ... on level 3 of the Dungeon.
             The game lasted 00:00:07 (1761 turns).

qw the Skirmisher (Deep Elf Hunter)                 Turns: 1761, Time: 00:00:08

Health: 0/29       AC:  4    Str: 10    XL:     5   Next: 0%
Magic:  7/7        EV: 12    Int: 14    God:
Gold:   105        SH:  0    Dex: 18    Spells: 4/4 levels left

rFire   . . .        a - +0 shortbow
rCold   . . .        (shield currently unavailable)
rNeg    . . .        c - +0 leather armour
rPois   .            (no helmet)
rElec   .            (no cloak)
rCorr   .            h - +0 pair of gloves
SInv    .            (no boots)
Will    .....        (no amulet)
Stlth   ++           (no ring)
HPRegen 0.24/turn    (no ring)
MPRegen 0.10/turn

%: no passive effects
@: no status effects
A: no striking features
a: no special abilities


You were on level 3 of the Dungeon.
You visited 1 branch of the dungeon, and saw 3 of its levels.

You collected 105 gold pieces.


   Skills:
 - Level 1.5 Fighting
 + Level 8.4 Ranged Weapons
 - Level 2.4 Dodging
 - Level 1.2 Stealth


You had 4 spell levels left.
You didn't know any spells.
Your spell library was empty.

Inventory:

Hand Weapons
 a - a +0 shortbow (weapon)
Armour
 c - a +0 leather armour (worn)
 h - a +0 pair of gloves (worn)
Jewellery
 l - a ring of poison resistance
Scrolls
 b - a scroll of immolation {unknown}
 g - 3 scrolls of vulnerability {unknown}
 k - a scroll of enchant weapon {unknown}
Potions
 d - a potion of cancellation
 e - a potion of curing
 f - a potion of enlightenment {unknown}
 j - a potion of ambrosia {unknown}

Dungeon Overview and Level Annotations

Branches:
Dungeon (3/15)

Altars:
Fedhas
Uskayaw

Annotations:
D:3 Grinder


Message History

You can move again.
You shoot an arrow. The arrow barely misses Grinder.
You shoot an arrow. The arrow closely misses Grinder.
Grinder gestures at you. Pain shoots through your body!
1748 ||| FLEEEEING.
Things that are here:
a +0 dagger; 4 poisoned darts; a kobold corpse
1749 ||| FLEEEEING.
You see here a ball python corpse.
1750 ||| FLEEEEING.
1751 ||| FLEEEEING.
Grinder blinks!
You shoot an arrow. The arrow hits Grinder!
Grinder is lightly wounded.
Grinder gestures at you.
You suddenly lose the ability to move!
Grinder gestures at you. Pain shoots through your body!
You can move again.
1755 ||| DRINKING potion of heal wounds.
You feel much better.
You shoot an arrow. The arrow closely misses Grinder.
Grinder barely misses you.
You shoot an arrow. The arrow hits Grinder.
Grinder is lightly wounded.
Grinder closely misses you.
You shoot an arrow. The arrow barely misses Grinder.
Grinder hits you.
You writhe in agony.
You shoot an arrow.
The arrow hits Grinder but does no damage.
Grinder is lightly wounded.
Grinder hits you.
You writhe in agony.
You shoot an arrow. The arrow hits Grinder.
Grinder is moderately wounded.
Grinder closely misses you.
You shoot an arrow. The arrow barely misses Grinder.
Grinder hits you.
You writhe in agony.
You die...
Grinder sighs, "Dead already?
I want a refund."

###### #....# #....# #....#
##...@###########
##########....5.%.........
#..........###...).#......
#####.#..[..................
#.......######.......#...$..
#.###.### ..........# .....
#...#..# ..#######.... ....
###..#.# # ####.. ...
##...## ... ..


You could see Grinder.

Vanquished Creatures
  A sleepcap (D:3)
  Jessica (D:3)
  2 adders
  2 dart slugs
  8 endoplasms
  2 giant cockroaches
  8 goblins
  A hobgoblin (D:3)
  6 jackals (D:1)
  5 kobolds
  2 quokkas
  7 ball pythons
  3 bats
  4 frilled lizards
  8 rats
60 creatures vanquished.

Notes
Turn   | Place    | Note
-------+----------+-------------------------------------------
     0 | D:1      | qw the Deep Elf Hunter began the quest for the Orb.
     0 | D:1      | Reached XP level 1. HP: 12/12 MP: 3/3
     0 | D:1      | 0 ||| qw: Version: 0.3-a-155-g5e7d8dd
     0 | D:1      | 0 ||| qw: Game counter: 1193
     0 | D:1      | 0 ||| qw: Melee chars always use a shield: true
     0 | D:1      | 0 ||| qw: God list: Okawaru
     0 | D:1      | 0 ||| qw: Allow faded altars: false
     0 | D:1      | 0 ||| qw: Do Orc after clearing Dungeon:15 true
     0 | D:1      | 0 ||| qw: Do second Lair branch before Depths: true
     0 | D:1      | 0 ||| qw: Lair rune preference: random
     0 | D:1      | 0 ||| qw: Goals: Normal
     0 | D:1      | 0 ||| PLANNING D:1-11
    99 | D:1      | Reached XP level 2. HP: 12/16 MP: 4/4
   127 | D:1      | Reached skill level 6 in Ranged Weapons
   156 | D:1      | 156 ||| RETREEEEATING.
   169 | D:1      | HP: 4/16 [jackal (1)]
   184 | D:1      | HP: 3/16 [jackal (3)]
   187 | D:1      | HP: 1/16 [jackal (1)]
   193 | D:1      | HP: 1/16 [jackal (1)]
   425 | D:1      | Reached XP level 3. HP: 20/20 MP: 5/5
   666 | D:1      | 666 ||| UPGRADING to +0 pair of gloves.
   671 | D:1      | 671 ||| READING 2 scrolls labelled YJIESI ZESAPRE.
   706 | D:1      | 706 ||| READING scroll labelled ASYDDI FOISUB.
   706 | D:1      | 706 ||| IDENTIFYING sapphire potion
   707 | D:1      | 707 ||| DRINKING 2 blue potions.
   708 | D:1      | 708 ||| DROPPING scroll of butterflies.
   709 | D:1      | 709 ||| DROPPING scroll of torment.
   736 | D:2      | Found a blossoming altar of Fedhas.
   887 | D:2      | Reached skill level 7 in Ranged Weapons
   895 | D:2      | HP: 5/20 [poisoned by an adder]
   897 | D:2      | 897 ||| DRINKING 2 potions of curing.
   897 | D:2      | 897 ||| (to cure poison)
  1377 | D:2      | 1377 ||| READING scroll labelled UJELOUHAWI.
  1378 | D:2      | 1378 ||| READING scroll labelled MIOPRU WYF TIO.
  1382 | D:2      | 1382 ||| READING scroll labelled HOHITO LIDGHAG.
  1383 | D:2      | 1383 ||| DRINKING 2 pink potions.
  1400 | D:3      | Reached XP level 4. HP: 25/25 MP: 6/6
  1412 | D:3      | 1412 ||| FLEEEEING.
  1413 | D:3      | 1413 ||| STAIRDANCE
  1447 | D:3      | Noticed Jessica
  1451 | D:3      | Killed Jessica
  1452 | D:3      | Reached skill level 8 in Ranged Weapons
  1649 | D:3      | Found a hide-covered altar of Uskayaw.
  1737 | D:3      | Reached XP level 5. HP: 29/29 MP: 7/7
  1743 | D:3      | Noticed Grinder
  1743 | D:3      | Paralysed by Grinder for 3 turns
  1748 | D:3      | 1748 ||| FLEEEEING.
  1749 | D:3      | 1749 ||| FLEEEEING.
  1750 | D:3      | 1750 ||| FLEEEEING.
  1751 | D:3      | 1751 ||| FLEEEEING.
  1752 | D:3      | Paralysed by Grinder for 2 turns
  1753 | D:3      | HP: 5/29 [Grinder/nerve-wracking pain (12)]
  1755 | D:3      | 1755 ||| DRINKING potion of heal wounds.
  1759 | D:3      | HP: 7/29 [Grinder (6)]
  1761 | D:3      | Slain by Grinder

Levels and vault maps discovered:
D:1:      moated_graveyard_arrival, layout_loops_ring, minmay_tall_x
D:2:      layout_loops_cross, basic_altar
D:3:      layout_rooms, lemuel_coloured_pillars_altar, uniq_ijyb, uniq_jessica,
          uniq_grinder

Skill      XL: |  1  2  3  4 |
---------------+-------------+-----
Ranged Weapons | 6 7 8 |  8.4
Fighting       | |  1.5
Dodging        | |  2.4
Stealth        | |  1.2

Action                     |  1- 3 |  4- 6 || total
---------------------------+-------+-------++-------
   Fire: Shortbow          |   161 |    43 ||   204
    Use: Scroll            |     5 |       ||     5
         Potion            |     3 |     1 ||     4
 Armour: Leather armour    |    42 |     9 ||    51
  Dodge: Dodged            |    60 |     8 ||    68

Table legend:
 A = Non-vault XP
 B = Vault XP
 C = Vault XP percentage of total XP
 D = Non-vault monster count
 E = Vault monster count
 F = Vault count percentage of total count
                 A         B        C        D         E       F
            +---------+---------+-------+---------+---------+-------
      Total |     153 |      44 |  22.3 |      55 |       5 |   8.3
            +---------+---------+-------+---------+---------+-------
        D:1 |      47 |       7 |  13.0 |      29 |       4 |  12.1
        D:2 |      38 |       0 |   0.0 |      15 |       0 |   0.0
        D:3 |      68 |      37 |  35.2 |      11 |       1 |   8.3
            +---------+---------+-------+---------+---------+-------
